 Dungeon Crawl Stone Soup version 0.21.0 (webtiles) character file.

108 MovingMist the Ducker (level 4, -4/34 HPs)
             Began as a Demonspawn Gladiator on Jan 6, 2018.
             Slain by a gnoll
             ... wielding a +0 flail
              (7 damage)
             ... on level 2 of the Dungeon.
             The game lasted 00:06:11 (2016 turns).

MovingMist the Ducker (Demonspawn Gladiator)        Turns: 2016, Time: 00:06:12

Health: -4/34      AC:  6    Str: 14    XL:     4   Next: 58%
Magic:  4/4        EV: 12    Int: 10    God:
Gold:   97         SH:  0    Dex: 15    Spells: 3/3 levels left

rFire    . . .     SeeInvis .   a - +0 war axe
rCold    . . .     Gourm    .   (no shield)
rNeg     . . .     Faith    .   m - +0 ring mail
rPois    .         Spirit   .   c - +0 helmet
rElec    .         Reflect  .   (no cloak)
rCorr    .         Harm     .   (no gloves)
MR       .....                  (no boots)
Stlth    +.........             g - amulet of magic regeneration
HPRegen  0.11/turn              (no ring)
MPRegen  0.34/turn              (no ring)

@: no status effects
A: claws 1, talons 1
a: no special abilities


You were on level 2 of the Dungeon.
You were hungry.

You visited 1 branch of the dungeon, and saw 3 of its levels.

You collected 97 gold pieces.

Inventory:

Hand Weapons
 a - a +0 war axe (weapon)
Missiles
 d - 4 throwing nets (quivered)
Armour
 c - a +0 helmet (worn)
 m - a +0 ring mail (worn)
Jewellery
 g - an amulet of magic regeneration (around neck)
Scrolls
 h - a scroll of identify
 j - a scroll of fear {unknown}
 k - a scroll of immolation {unknown}
 l - 2 scrolls of magic mapping
 n - a scroll of enchant armour {unknown}
 o - a scroll of amnesia {unknown}
 p - a scroll of teleportation {unknown}
Potions
 e - a potion of magic
 i - a potion of flight {unknown}
Comestibles
 b - 3 chunks of flesh
 f - 6 rations


   Skills:
 + Level 2.9 Fighting
 + Level 3.3 Axes
 - Level 1.7 Throwing
 * Level 4.0 Dodging


You had 3 spell levels left.
You didn't know any spells.

Dungeon Overview and Level Annotations

Branches:
Dungeon (3/15)

Altars:

Annotations:
D:3 Sigmund


Innate Abilities, Weirdness & Mutations

You have sharp fingernails.
You have sharp toenails.


Message History

You hit the gnoll.
The gnoll is heavily wounded.
The gnoll hits you with a spear. The gnoll misses you.
You barely miss the gnoll. You claw the gnoll.
The gnoll is almost dead.
The gnoll barely misses you.
You hit the gnoll.
You kill the gnoll!
Your Dodging skill increases to level 4!
You see here a spear.
You start resting.
The gnoll hits you with a flail!
You hit the gnoll. You claw the gnoll, but do no damage.
The gnoll is lightly wounded.
The gnoll hits you with a flail!
* * * LOW HITPOINT WARNING * * *
You hit the gnoll.
The gnoll is heavily wounded.
The gnoll hits you with a flail!
You die...

#.######.##########.....#
#........# #.....#
########.# ###.### #.#
#.# #.# #.# #.#
######.#####
#.#######..........#
###.#.).....g....##...
#...#@#####.######.###
#.#.#g# ##.## #(## #
#.#.#)####...# #.#
#.#.>).......####.## #
#.###).............###
#.# ##############.)..
#.# #..## #.# ##.#.# #.#
##.<##.


You could see 2 gnolls.

Vanquished Creatures
  2 gnolls (D:2)
  2 adders
  A worm (D:2)
  3 dart slugs
  2 leopard geckos
  2 orcs
  3 giant cockroaches
  10 goblins
  7 hobgoblins
  4 jackals (D:2)
  A quokka (D:2)
  6 bats
  4 frilled lizards
  6 kobolds
  5 rats
58 creatures vanquished.

Notes
Turn   | Place    | Note
-------+----------+-------------------------------------------
     0 | D:1      | MovingMist the Demonspawn Gladiator began the quest for the Orb.
     0 | D:1      | Reached XP level 1. HP: 16/16 MP: 1/1
   170 | D:1      | Reached skill level 3 in Dodging
   174 | D:1      | Gained mutation: You have sharp fingernails. [demonic ancestry]
   174 | D:1      | Reached XP level 2. HP: 19/22 MP: 2/2
   650 | D:1      | Gained mutation: You have sharp toenails. [demonic ancestry]
   650 | D:1      | Reached XP level 3. HP: 28/28 MP: 3/3
  1663 | D:2      | Reached XP level 4. HP: 32/34 MP: 4/4
  1826 | D:3      | Noticed Sigmund
  2011 | D:2      | Reached skill level 4 in Dodging
  2016 | D:2      | Slain by a gnoll

Skill      XL: |  1  2  3  4 |
---------------+-------------+-----
Dodging        | 3 4 |  4.0
Axes           | 3 |  3.3
Fighting       | |  2.9
Throwing       | |  1.7

Action                   |  1- 3 |  4- 6 || total
-------------------------+-------+-------++-------
Melee: War axe           |   123 |    50 ||   173
       Kick              |     9 |    10 ||    19
  Use: Scroll            |     4 |       ||     4
  Eat: Chunk             |     3 |       ||     3
Armor: Leather armour    |    48 |       ||    48
       Ring mail         |    11 |    16 ||    27
Dodge: Dodged            |   112 |    41 ||   153
